 Dungeon Crawl Stone Soup version 0.31.0-32-g396128a36d (webtiles) character file.

Game seed: 6271035538972120956

419 gohu the Magician (level 7, -4/45 HPs)
             Began as a Djinni Fire Elementalist on Mar 17, 2024.
             Was a Follower of Makhleb.
             Slain by Dowan
             ... wielding a +0 dagger of venom
              (5 damage)
             ... on level 5 of the Dungeon.
             The game lasted 00:07:16 (3881 turns).

gohu the Magician (Djinni Fire Elementalist)        Turns: 3881, Time: 00:07:16

Health: -4/45      AC:  2    Str:  7    XL:     7   Next: 16%
Gold:   234        EV: 12    Int: 18    God:    Makhleb [*.....] SH:  0 Dex: 14

rFire   + + +        (no weapon)
rCold   x . .        (no shield)
rNeg    . . .        a - +0 robe
rPois   ∞            (no helmet)
rElec   .            (no cloak)
rCorr   .            (no gloves)
SInv    .            (boots unavailable)
Will    .....        (no amulet)
Stlth   ++           q - ring of protection from fire
HPRegen 0.27/turn    (no ring)
MPRegen 0.00/turn

%: infuse magic (-5 HP)
@: flying
A: sickness immunity, fire resistance 2, cold vulnerability 1, float, innate
caster, HP casting, extra vitality 1
a: Renounce Religion


You were on level 5 of the Dungeon.
You worshipped Makhleb.
Makhleb was aware of your devotion.
You visited 2 branches of the dungeon, and saw 6 of its levels.

You collected 234 gold pieces.

Inventory:

Armour
 a - a +0 robe (worn)
 n - the +1 leather armour of Raomusas {rElec rPois Str+3 Slay-2}
   (You found it on level 3 of the Dungeon)

   Str+3:     It affects your strength (+3).
   Slay-2:    It affects your accuracy & damage with ranged weapons and melee
   (-2).
   rElec:     It insulates you from electricity.
   rPois:     It protects you from poison
Jewellery
 q - a ring of protection from fire (left hand)
Wands
 t - a wand of iceblast (9)
Scrolls
 b - a scroll of enchant weapon {unknown}
 c - 2 scrolls of fog {unknown}
 d - 6 scrolls of identify {unknown}
 e - 4 scrolls of teleportation {unknown}
 k - 2 scrolls of poison {unknown}
 l - a scroll of blinking {unknown}
 o - a scroll of amnesia {unknown}
 p - a scroll of vulnerability {unknown}
Potions
 f - 2 potions of ambrosia {unknown}
 g - a potion of invisibility {unknown}
 h - a potion of heal wounds {unknown}
 i - a potion of degeneration {unknown}
 j - a potion of enlightenment {unknown}
 m - 3 potions of brilliance {unknown}
 r - a potion of attraction {unknown}
 s - a potion of curing {unknown}


   Skills:
 - Level 2.1 Dodging
 - Level 1.5 Stealth
 * Level 6.2 Spellcasting
 * Level 6.2 Conjurations
 * Level 6.2 Hexes
   Level 0.0 Charms
 * Level 6.2 Summonings
 * Level 6.2 Necromancy
 * Level 6.2 Translocations
   Level 0.0 Transmutations
 * Level 6.2 Fire Magic
 * Level 6.2 Ice Magic
 * Level 6.2 Air Magic
 * Level 6.2 Earth Magic
 * Level 6.2 Alchemy


You knew the following spells:

 Your Spells              Type           Power      Damage    Failure   Level
a - Foxfire               Conj/Fire      100%       2x1d9     1%          1
b - Scorch                Fire           56%        2d7       1%          2
c - Flame Wave            Conj/Fire      28%        2d9       9%          4
d - Inner Flame           Hex/Fire       28%        N/A       2%          3
e - Volatile Blastmotes   Fire/Tloc      56%        2d14      2%          3
f - Apportation           Tloc           56%        N/A       1%          1
g - Jinxbite              Hex            56%        N/A       1%          2
h - Swiftness             Air            28%        N/A       2%          3
Your spell library was empty.

Dungeon Overview and Level Annotations

Branches:
Dungeon (5/15)             Temple (1/1) D:4

Altars:
Ashenzari
Cheibriados
Dithmenos
Elyvilon
Fedhas
Hepliaklqana
Makhleb
Nemelex Xobeh
Okawaru
Ru
Trog
Wu Jian
Xom
Yredelemnul
The Shining One

Annotations:
D:5 Dowan, Duvessa


Innate Abilities, Weirdness & Mutations

You are immune to sickness and miasma.
You are immune to poison.
Your flesh is very heat resistant. (rF++)
You are vulnerable to cold. (rC-)
You float through the air rather than walking.
You learn spells naturally, not from books.
Your magical power is your life essence.
You have superior vitality. (+4 MHP)


Message History

a +0 club; a +0 ring mail; the goblin corpse of Ijyb
There is a stone staircase leading down here.
You start resting.
HP restored.
You fly downwards.
Level annotation: Dowan, Duvessa Duvessa closely misses you.
There is a stone staircase leading up here.
Casting: Scorch (safe; 1% risk of failure)
Confirm with . or Enter, or press ? or * to list all spells.
Flames lash Duvessa.
Duvessa is lightly wounded.
Duvessa's fire resistance burns away.
Duvessa hits you with a +0 short sword. Duvessa hits you with a +0 short sword!
Casting: Scorch (safe; 1% risk of failure)
Confirm with . or Enter, or press ? or * to list all spells.
Flames lash Duvessa.
Duvessa is burned terribly!
Duvessa is heavily wounded.
Duvessa hits you with a +0 short sword. Duvessa hits you with a +0 short sword.
A ribbon worm comes into view.
Casting: Scorch (safe; 1% risk of failure)
Confirm with . or Enter, or press ? or * to list all spells.
Flames lash Duvessa.
Duvessa is burned terribly!
Duvessa is severely wounded.
Duvessa barely misses you.
Dowan hits you with a +0 dagger of venom.
Dowan hits you with a +0 dagger of venom.
Duvessa hits you with a +0 short sword!
* * * LOW HITPOINT WARNING * * *
The ribbon worm expels a string of sticky webbing.
The stream of webbing hits you but does no damage.
You are caught in a web!
Dowan hits you with a +0 dagger of venom.
* * * LOW HITPOINT WARNING * * *
Duvessa misses you. Duvessa hits you with a +0 short sword.
* * * LOW HITPOINT WARNING * * *
Dowan hits you with a +0 dagger of venom.
You die...

.. .# .# #
.# #. w# #
#.##.##.##.#
#....e.e...#
#@..#
#....#.#
#.##.. # #
####


You could see Duvessa (combustible), Dowan and a ribbon worm (catching breath).

Vanquished Creatures
  A black bear (D:4)
  A phantom (D:4)
  Ijyb (D:4)
  2 orc wizards
  3 adders
  3 gnolls (D:4)
  2 ribbon worms
  4 dart slugs
  14 orcs
  10 ball pythons
  2 endoplasms
  6 giant cockroaches
  7 goblins
  10 hobgoblins
  4 jackals (D:1)
  3 quokkas
  6 bats
  3 frilled lizards
  7 kobolds
  7 rats
96 creatures vanquished.

Vanquished Creatures (others)
  202 foxfires
202 creatures vanquished.

Grand Total: 298 creatures vanquished

Notes
Turn   | Place    | Note
-------+----------+-------------------------------------------
     0 | D:1      | gohu the Djinni Fire Elementalist began the quest for the
                  | Orb.
     0 | D:1      | gohu set off with the following spells memorised: Foxfire,
                  | Scorch, Volatile Blastmotes, Inner Flame, Flame Wave.
     0 | D:1      | Reached XP level 1. HP: 15/15 MP: 0/0
    79 | D:1      | Reached XP level 2. HP: 18/21 MP: 0/0
   364 | D:1      | Reached XP level 3. HP: 24/25 MP: 0/0
   364 | D:1      | Learned a level 1 spell: Apportation
  1105 | D:2      | Reached XP level 4. HP: 11/31 MP: 0/0
  1838 | D:3      | Identified the +1 leather armour of Raomusas {rElec rPois
                  | Str+3 Slay-2}
  2066 | D:3      | Found an ornate altar of the Wu Jian Council.
  2221 | D:3      | Reached XP level 5. HP: 34/35 MP: 0/0
  2221 | D:3      | Learned a level 2 spell: Jinxbite
  2476 | D:4      | Found a snail-covered altar of Cheibriados.
  2544 | D:4      | Found a sparkling altar of Nemelex Xobeh.
  2599 | D:4      | Found a white marble altar of Elyvilon.
  2599 | D:4      | Found a burning altar of Makhleb.
  2607 | D:4      | Became a worshipper of Makhleb the Destroyer
  2613 | D:4      | Noticed a black bear
  2621 | D:4      | Killed a black bear
  2622 | D:4      | Reached skill level 5 in Spellcasting
  2622 | D:4      | Reached skill level 5 in Conjurations
  2622 | D:4      | Reached skill level 5 in Hexes
  2622 | D:4      | Reached skill level 5 in Summonings
  2622 | D:4      | Reached skill level 5 in Necromancy
  2622 | D:4      | Reached skill level 5 in Translocations
  2622 | D:4      | Reached skill level 5 in Fire Magic
  2622 | D:4      | Reached skill level 5 in Ice Magic
  2622 | D:4      | Reached skill level 5 in Air Magic
  2622 | D:4      | Reached skill level 5 in Earth Magic
  2622 | D:4      | Reached skill level 5 in Alchemy
  2622 | D:4      | Reached XP level 6. HP: 36/40 MP: 0/0
  2805 | D:4      | Found a staircase to the Ecumenical Temple.
  2902 | Temple   | Entered the Ecumenical Temple
  3305 | D:4      | Found a shadowy altar of Dithmenos.
  3523 | D:5      | Entered Level 5 of the Dungeon
  3538 | D:5      | Reached XP level 7. HP: 32/45 MP: 0/0
  3538 | D:5      | Learned a level 3 spell: Swiftness
  3696 | D:5      | Noticed Duvessa
  3697 | D:5      | Noticed Dowan
  3699 | D:5      | Noticed Ijyb
  3711 | D:4      | Killed Ijyb
  3711 | D:4      | Reached * piety under Makhleb
  3881 | D:5      | HP: 1/45 [Duvessa/+0 short sword (2)]
  3881 | D:5      | Slain by Dowan

Illustrated notes

Levels and vault maps discovered:
D:1:      shiori_arrival_whats_in_store_for_you, layout_basic
D:2:      minmay_spotlight, layout_loops_ring
D:3:      layout_basic, nzn_wu_jian_contemplation, kennysheep_boxes
D:4:      layout_basic, chequers_temple_overflow_statue_of_worship,
          nicolae_overflow_hidden_temple, grunt_dithmenos_smoke,
          grunt_temple_overflow_open, minmay_temple_entry_slanted,
          chequers_serial_rivers_room_a
D:5:      layout_loops_cross, serial_shops, shop, uniq_ijyb, uniq_menkaure,
          uniq_duvessa
Temple:   nicolae_temple_bog_church

Skill      XL: |  1  2  3  4  5  6 |
---------------+-------------------+-----
Spellcasting   | 4 5 6 |  6.2
Conjurations   | 4 5 6 |  6.2
Hexes          | 4 5 6 |  6.2
Summonings     | 4 5 6 |  6.2
Necromancy     | 4 5 6 |  6.2
Translocations | 4 5 6 |  6.2
Fire Magic     | 4 5 6 |  6.2
Ice Magic      | 4 5 6 |  6.2
Air Magic      | 4 5 6 |  6.2
Earth Magic    | 4 5 6 |  6.2
Alchemy        | 4 5 6 |  6.2
Dodging        | |  2.1
Stealth        | |  1.5

Action                     |  1- 3 |  4- 6 |  7- 9 || total
---------------------------+-------+-------+-------++-------
   Cast: Foxfire           |    49 |    68 |     6 ||   123
         Scorch            |     9 |    21 |    12 ||    42
         Volatile Blastmot |       |    10 |       ||    10
 Armour: Robe              |    10 |    14 |    20 ||    44
  Dodge: Dodged            |     7 |    13 |     6 ||    26
